[Event "ICC tourney 1955 (60 10)"]
[Site "Internet Chess Club"]
[Date "2020.08.09"]
[Round "8"]
[White "Mulan2009"]
[Black "karuto2006"]
[Result "1/2-1/2"]
[ICCResult "Game drawn by mutual agreement"]
[WhiteElo "1607"]
[BlackElo "1767"]
[Opening "Evans gambit"]
[ECO "C52"]
[NIC "IG.05"]
[Time "15:19:55"]
[TimeControl "3600+10"]

1. e4 e5 2. Nf3 Nc6 3. Bc4 Bc5 4. b4 Bxb4 5. c3 Ba5 6. d4 exd4 7. O-O Nf6 8.
Ba3 d6 9. e5 dxe5 10. Qb3 Qd7 11. Nxe5 Nxe5 12. Re1 Ng4 13. h3 Ne3 14. fxe3
d3 15. Nd2 Bb6 16. Rad1 Nxc4 17. Nxc4 Qe6 18. Rxd3 c5 19. Red1 O-O 20. Nxb6
Qxb3 21. axb3 axb6 22. Bb2 Ra2 23. R1d2 Be6 24. c4 h6 25. Be5 Rxd2 26. Rxd2
Ra8 27. Bc7 Ra1+ 28. Kf2 Rb1 29. Rd3 b5 30. cxb5 Bxb3 31. Rd8+ Kh7 32. Bb6
c4 33. Bd4 Bc2 34. b6 Be4 35. Rc8 Rc1 36. g4 Rc2+ 37. Kg3 Rc1 38. Rc7 Kg6
39. h4 Bd5 40. Kf4 Rf1+ 41. Ke5 Bc6 42. Kd6 Rb1 {Game drawn by mutual
agreement} 1/2-1/2

[Event "ICC tourney 1955 (60 10)"]
[Site "Internet Chess Club"]
[Date "2020.08.09"]
[Round "8"]
[White "KylanHuang"]
[Black "TDogg"]
[Result "1-0"]
[ICCResult "Black resigns"]
[WhiteElo "1918"]
[BlackElo "2013"]
[Opening "Sicilian: Alapin's variation (2.c3)"]
[ECO "B22"]
[NIC "SI.47"]
[Time "15:20:58"]
[TimeControl "3600+10"]

1. e4 c5 2. c3 Nf6 3. e5 Nd5 4. d4 cxd4 5. cxd4 d6 6. Nf3 Nc6 7. Bc4 Nb6 8.
Bb5 Bd7 9. Nc3 d5 10. O-O a6 11. Be2 Bg4 12. Bf4 e6 13. h3 Bh5 14. Rc1 Be7
15. Nb1 O-O 16. Nbd2 h6 17. Nb3 Nd7 18. Re1 g5 19. Bg3 Bg6 20. Bd3 Rc8 21.
Bxg6 fxg6 22. Qd3 Kg7 23. a3 Qb6 24. Rc2 Rf5 25. Rec1 Rcf8 26. Nbd2 a5 27.
Qe3 Ra8 28. Qd3 Rff8 29. Nb3 a4 30. Nbd2 Ra5 31. Qc3 Rb5 32. Rb1 Rc8 33. Qd3
Ra8 34. Kf1 Raa5 35. Kg1 Qa6 36. Qe3 Rb6 37. h4 g4 38. Nh2 h5 39. f3 gxf3
40. Nhxf3 Qa8 41. Bf4 Qd8 42. Bg5 Nf8 43. Rf1 Rab5 44. Bh6+ Kg8 45. Ng5 Na5
46. Rf7 Qe8 47. Rg7+ {Black resigns} 1-0

[Event "ICC tourney 1955 (60 10)"]
[Site "Internet Chess Club"]
[Date "2020.08.09"]
[Round "8"]
[White "zchen15"]
[Black "anton555"]
[Result "0-1"]
[ICCResult "White resigns"]
[WhiteElo "1945"]
[BlackElo "2152"]
[Opening "QGD: classical variation (5.Bf4)"]
[ECO "D31"]
[NIC "QO.04"]
[Time "15:20:58"]
[TimeControl "3600+10"]

1. d4 d5 2. c4 e6 3. Nc3 Be7 4. Nf3 Nf6 5. Bf4 O-O 6. e3 b6 7. cxd5 exd5 8.
Bd3 c5 9. O-O Nc6 10. Rc1 Bb7 11. Bb1 Re8 12. Re1 Qd7 13. Na4 c4 14. Nc3
Rad8 15. Ne5 Qe6 16. Nb5 Qc8 17. b3 a6 18. bxc4 dxc4 19. Nxc4 axb5 20. Nxb6
Qe6 21. Qd3 Na7 22. Bc7 Rf8 23. a4 Rde8 24. axb5 Bd6 25. d5 Qe7 26. Bxd6
Qxd6 27. Rc6 Bxc6 28. bxc6 g6 29. e4 Qc5 30. Nc4 Qxd5 31. Qxd5 Nxd5 32. Nd6
Re6 33. Ba2 Rxd6 34. exd5 Nb5 35. Rc1 Nc7 36. h3 Nxd5 37. Rd1 Rfd8
{White resigns}
0-1

[Event "ICC tourney 1955 (60 10)"]
[Site "Internet Chess Club"]
[Date "2020.08.09"]
[Round "8"]
[White "bg26723"]
[Black "dswang"]
[Result "1-0"]
[ICCResult "Black checkmated"]
[WhiteElo "1986"]
[BlackElo "1788"]
[Opening "Sicilian"]
[ECO "B50"]
[NIC "SI.01"]
[Time "15:20:03"]
[TimeControl "3600+10"]

1. e4 c5 2. Nf3 d6 3. c3 Nc6 4. Be2 Nf6 5. d4 cxd4 6. cxd4 e6 7. Nc3 Be7 8.
O-O O-O 9. h3 a6 10. Be3 b5 11. a3 d5 12. e5 Nd7 13. Nd2 f5 14. exf6 Bxf6
15. Nf3 Nb6 16. Re1 Na5 17. b3 Nc6 18. Nh2 Bg5 19. Qd2 Bxe3 20. Qxe3 Qf6 21.
Rad1 Bd7 22. Bg4 Rae8 23. Nf3 g6 24. Qh6 Qg7 25. Qxg7+ Kxg7 26. Ne5 Nxe5 27.
Rxe5 h5 28. Bf3 Rc8 29. Ne2 a5 30. Nc1 a4 31. Re3 axb3 32. Rxb3 Na4 33. Nd3
Rc3 34. Rdb1 Rfc8 35. Ne5 Be8 36. Be2 Rxb3 37. Rxb3 Rc3 38. Rb4 Rc1+ 39. Kh2
Nc3 40. Bd3 g5 41. Nf3 Kf6 42. Ne5 Nd1 43. Bxb5 Bxb5 44. Rxb5 Nxf2 45. Rb7
Rh1+ 46. Kg3 Ne4+ 47. Kf3 Nd6 48. Rd7 Rd1 49. Rxd6 Rxd4 50. Nc6 Rd3+ 51. Ke2
Rxa3 52. Rd8 Ra6 53. Nb4 Rb6 54. Nd3 Rb7 55. Rf8+ Kg7 56. Re8 Kf7 57. Rxe6
Rc7 58. Re5 Rc2+ 59. Kf1 Rd2 60. Rxd5 Kf6 61. Nf4 Rxd5 62. Nxd5+ Ke5 63. Ne3
Kf4 64. Kf2 Ke4 65. Nf1 Kf4 66. g3+ Ke4 67. Ke2 h4 68. g4 Kf4 69. Kf2 Ke4
70. Nh2 Ke5 71. Nf3+ Kf4 72. Kg2 Ke4 73. Nxg5+ Kf4 74. Nf3 Ke3 75. g5 Kf4
76. g6 Kf5 77. g7 Kf4 78. g8=Q Ke3 79. Qe6+ Kd3 80. Kf2 Kc3 81. Qd5 Kb4 82.
Qc6 Kb3 83. Qc5 Kb2 84. Qc4 Ka1 85. Qb4 Ka2 86. Nd2 Ka1 87. Qb1#
{Black checkmated}
1-0

[Event "ICC tourney 1955 (60 10)"]
[Site "Internet Chess Club"]
[Date "2020.08.09"]
[Round "8"]
[White "ImmorTalChamp"]
[Black "JackFromLost"]
[Result "1-0"]
[ICCResult "Black checkmated"]
[WhiteElo "1857"]
[BlackElo "1915"]
[Opening "Caro-Kann: advance variation"]
[ECO "B12"]
[NIC "CK.04"]
[Time "15:20:10"]
[TimeControl "3600+10"]

1. e4 c6 2. d4 d5 3. e5 Bf5 4. Nf3 e6 5. Be2 Nd7 6. O-O Ne7 7. Nbd2 c5 8.
dxc5 Nc6 9. Nb3 Ncxe5 10. Nxe5 Nxe5 11. g4 Bg6 12. f4 Nd7 13. f5 Nxc5 14.
fxg6 hxg6 15. Bb5+ Nd7 16. c4 dxc4 17. Bxc4 Qc7 18. Qe2 Bd6 19. Rf2 O-O-O
20. Be3 Ne5 21. Rc1 Kb8 22. Bxe6 Qe7 23. Bd5 Nxg4 24. Qxg4 Qxe3 25. Bg2
Bxh2+ 26. Kf1 Qd3+ 27. Qe2 Qxe2+ 28. Rxe2 Bf4 29. Rc3 Rhe8 30. Rxe8 Rxe8 31.
Nc5 Re7 32. a4 Bd6 33. Nd3 b6 34. Nf2 Bb4 35. Rc1 Re3 36. Ng4 Re7 37. Rc4
Bd6 38. Nf2 f5 39. Nd1 Bg3 40. Bf3 g5 41. Nc3 g4 42. Bd5 Bd6 43. Nb5 Be5 44.
b4 g5 45. Rc6 Rd7 46. Be6 Rd8 47. a5 bxa5 48. bxa5 Kb7 49. Rc5 Bf4 50. Bxf5
Rd1+ 51. Ke2 Rd2+ 52. Kf1 Rd1+ 53. Ke2 Rd2+ 54. Ke1 Rd8 55. Bxg4 Bd2+ 56.
Kf1 Bxa5 57. Rxg5 Rf8+ 58. Kg2 Bb6 59. Bf3+ Ka6 60. Nd6 Bc7 61. Bb7+ Kb6 62.
Rb5# {Black checkmated} 1-0

[Event "ICC tourney 1955 (60 10)"]
[Site "Internet Chess Club"]
[Date "2020.08.09"]
[Round "8"]
[White "knvsback"]
[Black "orangeman"]
[Result "1/2-1/2"]
[ICCResult "Black stalemated"]
[WhiteElo "1837"]
[BlackElo "1986"]
[Opening "Caro-Kann: exchange variation"]
[ECO "B13"]
[NIC "CK.02"]
[Time "15:20:38"]
[TimeControl "3600+10"]

1. e4 c6 2. d4 d5 3. exd5 cxd5 4. Bd3 Nc6 5. c3 Qc7 6. Ne2 Nf6 7. Bf4 Qb6 8.
Qb3 Qxb3 9. axb3 Bg4 10. f3 Bh5 11. Na3 a6 12. b4 e6 13. Kd2 Bg6 14. Nc1 Be7
15. Nb3 O-O 16. b5 Nd8 17. bxa6 Bxd3 18. axb7 Nxb7 19. Kxd3 Nd6 20. Nc5 Rfc8
21. b4 Ra7 22. Nc2 Rca8 23. Rxa7 Rxa7 24. Ra1 Rxa1 25. Nxa1 Nc4 26. Nab3 Nh5
27. Bb8 Bg5 28. Na5 Nb6 29. b5 Nf4+ 30. Kc2 Nxg2 31. Bc7 Ne3+ 32. Kb3 Na8
33. b6 Nxb6 34. Bxb6 Bf4 35. h3 Nd1 36. Nd3 Bg3 37. c4 dxc4+ 38. Nxc4 g6 39.
Kc2 Nf2 40. Nxf2 Bxf2 41. Kd3 Kg7 42. d5 exd5 43. Bxf2 dxc4+ 44. Kxc4 Kf6
45. Kd4 Kf5 46. Ke3 g5 47. Bg3 h5 48. f4 h4 49. Bh2 g4 50. hxg4+ Kxg4 51.
Kf2 Kh3 52. Bg1 f5 53. Kf1 Kg3 54. Be3 Kh2 55. Kf2 h3 56. Kf3 Kh1 57. Kg3 h2
58. Bc1 Kg1 59. Be3+ Kh1 60. Bd2 Kg1 61. Be3+ Kh1 62. Kh3 {Black stalemated}
1/2-1/2

[Event "ICC tourney 1955 (60 10)"]
[Site "Internet Chess Club"]
[Date "2020.08.09"]
[Round "8"]
[White "Arsalchess"]
[Black "jairam09"]
[Result "0-1"]
[ICCResult "White resigns"]
[WhiteElo "1990"]
[BlackElo "1893"]
[Opening "Caro-Kann: Tartakower (fantasy) variation"]
[ECO "B12"]
[NIC "CK.02"]
[Time "15:19:49"]
[TimeControl "3600+10"]

1. e4 c6 2. d4 d5 3. f3 e6 4. Nc3 Bd6 5. Be3 Ne7 6. Qd2 O-O 7. O-O-O b5 8.
g4 a5 9. h4 Qb6 10. Kb1 a4 11. e5 Bc7 12. Bg5 Bd8 13. Nce2 b4 14. b3 axb3
15. cxb3 Na6 16. h5 c5 17. h6 g6 18. Qf4 c4 19. Nc1 c3 20. Rh2 Nc7 21. Bd3
Ba6 22. Bxa6 Qxa6 23. Ka1 Qc6 24. Nge2 Nb5 25. Ng3 c2 26. Rd3 Bb6 27. Nge2
Bd8 28. Qd2 Re8 29. Ng3 Na3 30. Qf4 Rc8 31. Bxe7 Bxe7 32. Rg2 Rf8 33. Qd2
Qd7 34. f4 Qb5 35. f5 Bd8 36. Nge2 Ba5 37. Nf4 Qd7 38. Nh5 Kh8 39. Nf6 Qc6
40. Rf2 Qb5 41. Qg5 Bd8 42. Qd2 Bb6 43. Rdf3 Nb1 44. Qf4 Qc6 45. Rd3 Na3 46.
Qg5 Bxd4+ {White resigns} 0-1

[Event "ICC tourney 1955 (60 10)"]
[Site "Internet Chess Club"]
[Date "2020.08.09"]
[Round "8"]
[White "pawnpush202044"]
[Black "fluffypillow73"]
[Result "0-1"]
[ICCResult "White resigns"]
[WhiteElo "1860"]
[BlackElo "2058"]
[Opening "English: symmetrical, Botvinnik system reversed"]
[ECO "A30"]
[NIC "EO.64"]
[Time "15:20:06"]
[TimeControl "3600+10"]

1. c4 c5 2. Nf3 Nc6 3. g3 e5 4. Nc3 g6 5. Bg2 Bg7 6. d3 Nge7 7. Rb1 O-O 8.
a3 d5 9. cxd5 Nxd5 10. Nxd5 Qxd5 11. O-O Qd6 12. Nd2 Be6 13. Ne4 Qe7 14. Bg5
f6 15. Be3 Nd4 16. b4 cxb4 17. axb4 b6 18. Nc3 Rac8 19. Bxd4 exd4 20. Nd5
Qd7 21. Nf4 Bf7 22. h4 Bh6 23. Nh3 Rc3 24. b5 Rfc8 25. Kh2 Qe7 26. Qa4 Qxe2
27. Qxa7 Qxd3 28. Qxb6 Rb3 29. Rxb3 Bxb3 30. Qxf6 Bg7 31. Qb6 Be5 32. Re1
Qf5 33. Ng5 Rb8 34. Qc6 d3 35. Nf3 Bf6 36. b6 Bd5 37. Qc7 Rc8 38. Qd6 Bxf3
39. Bxf3 Qxf3 40. Qe6+ Kg7 41. Qxc8 Qxf2+ 42. Kh3 Qxe1 43. b7 Be5 44. Qd7+
Kf6 45. Qc6+ Ke7 46. Qc5+ Bd6 47. Qg5+ Kd7 48. Qb5+ Ke7 49. Qg5+ Kf7 50.
Qd5+ Qe6+ {White resigns} 0-1

[Event "ICC tourney 1955 (60 10)"]
[Site "Internet Chess Club"]
[Date "2020.08.09"]
[Round "8"]
[White "chessrani"]
[Black "town"]
[Result "0-1"]
[ICCResult "White resigns"]
[WhiteElo "1987"]
[BlackElo "2135"]
[Opening "Sicilian: Kan, Polugaievsky variation"]
[ECO "B42"]
[NIC "SI.42"]
[Time "15:19:52"]
[TimeControl "3600+10"]

1. e4 c5 2. Nf3 e6 3. d4 cxd4 4. Nxd4 a6 5. Bd3 Bc5 6. Nb3 Ba7 7. Nc3 Nc6 8.
O-O Nf6 9. Bg5 h6 10. Bh4 O-O 11. Bg3 d6 12. Re1 b5 13. Bxd6 Qxd6 14. e5 Qe7
15. exf6 Qxf6 16. Qe2 Bb7 17. Be4 Rac8 18. Rad1 Qe7 19. Bf3 Rfd8 20. a3 Nd4
21. Nxd4 Bxd4 22. Bxb7 Qxb7 23. Ne4 Rc6 24. Qf3 Qc8 25. c3 Bb6 26. Rxd8+
Bxd8 27. Rd1 Be7 28. Qg3 a5 29. Qe5 b4 30. Qxa5 bxa3 31. bxa3 f5 32. Ng3
Rxc3 33. Qe5 Bxa3 34. h3 Rc5 35. Qe3 Rc1 36. Rf1 Rxf1+ 37. Nxf1 Bd6 38. Qd4
Qc5 39. Qa4 Kh7 40. Qd7 Qd5 41. Qf7 Bc5 42. Qc7 Qc4 43. Qe5 Bd4 44. Qf4 Qd5
45. h4 Kg6 46. Qg3+ Kf7 47. h5 Qe5 48. Qg6+ Kf8 49. Qg3 Kf7 50. Qg6+ Ke7 51.
Qg3 Qxg3 52. Nxg3 Kf6 53. Kf1 Kg5 54. f3 Be5 55. Ne2 Kxh5 56. Kf2 Kg6 57.
Ke3 Kf6 58. Nc1 Bd6 59. Nd3 e5 60. g3 g5 61. Ne1 Bc5+ 62. Kd3 Bf2 63. Ng2
Bxg3 64. Ke2 h5 65. Ne3 h4 66. Kf1 Bf4 67. Ng2 Ke6 68. Kf2 Kd5 69. Kg1 Kd4
70. Kh1 Kd3 71. Ne1+ Ke2 72. Nc2 Kxf3 73. Ne1+ Ke2 74. Ng2 h3 {White
resigns} 0-1

[Event "ICC tourney 1955 (60 10)"]
[Site "Internet Chess Club"]
[Date "2020.08.09"]
[Round "8"]
[White "AJ2000"]
[Black "chessKingR"]
[Result "0-1"]
[ICCResult "White forfeits on time"]
[WhiteElo "1700"]
[BlackElo "1847"]
[Opening "Sicilian: Pelikan, Chelyabinsk variation"]
[ECO "B33"]
[NIC "SI.37"]
[Time "15:19:48"]
[TimeControl "3600+10"]

1. e4 c5 2. Nf3 Nc6 3. d4 cxd4 4. Nxd4 Nf6 5. Nc3 e5 6. Ndb5 d6 7. Bg5 a6 8.
Na3 b5 9. Nd5 Be7 10. Bxf6 Bxf6 11. c4 b4 12. Nc2 Bg5 13. Ndxb4 Nxb4 14.
Nxb4 Qb6 15. a3 a5 16. Nd5 Qxb2 17. Rb1 Qxa3 18. Nc7+ Ke7 19. Rb3 Qa2 20.
Nxa8 a4 21. Rb6 Qa3 22. Qc2 Qc5 23. Qxa4 Qd4 24. Qa5 Qxe4+ 25. Be2 Qxg2 26.
Rf1 Qe4 27. Qa7+ Bd7 28. Rb7 Kf6 29. f3 Qc2 30. Rxd7 Bh4+ 31. Rf2 Rxa8 32.
Rxf7+ Kg6 33. Rxg7+ Kh6 34. Rxh7+ Qxh7 35. Qxa8 Qb1+ 36. Bd1 Bxf2+ 37. Kxf2
Qxd1 38. Qf8+ Kg6 39. Qg8+ Kf6 40. Qd5 Qc2+ 41. Kg3 Qg6+ 42. Kf2 Qc2+ 43.
Ke3 Qc1+ 44. Qd2 Qg1+ 45. Kd3 Qd4+ 46. Ke2 Qxc4+ 47. Qd3 Qa2+ 48. Ke3 Qa7+
49. Ke4 Qh7+ 50. Ke3 Qh6+ 51. Ke4 Qf4+ 52. Kd5 Qxh2 53. Qe4 Qd2+ 54. Kc4
Qa2+ 55. Kd3 Qb1+ 56. Ke3 Qe1+ 57. Kd3 Qxe4+ 58. fxe4 Kg5 59. Kc4 Kf4
{White forfeits on time}
0-1

[Event "ICC tourney 1955 (60 10)"]
[Site "Internet Chess Club"]
[Date "2020.08.09"]
[Round "8"]
[White "Lukastico"]
[Black "ganzy"]
[Result "1-0"]
[ICCResult "Black checkmated"]
[WhiteElo "1962"]
[BlackElo "2052"]
[Opening "English: symmetrical, Benoni formation"]
[ECO "A31"]
[NIC "EO.46"]
[Time "15:20:38"]
[TimeControl "3600+10"]

1. Nf3 Nf6 2. d4 c5 3. c4 cxd4 4. Nxd4 Nc6 5. Nc3 d5 6. Qa4 Qd7 7. cxd5 Nxd5
8. Nxd5 Qxd5 9. Nxc6 Qxc6 10. Qxc6+ bxc6 11. g3 e5 12. Bg2 Bb4+ 13. Bd2
Bxd2+ 14. Kxd2 Bb7 15. Rac1 Rd8+ 16. Ke3 Rd6 17. Rc5 f6 18. Rhc1 Kd7 19. b4
a6 20. a4 Ra8 21. Be4 g6 22. g4 Rd4 23. R5c4 Rxc4 24. Rxc4 Ke6 25. Bxc6 Rc8
26. b5 Kd6 27. Ke4 Ke6 28. Kd3 Bxc6 29. bxc6 f5 30. gxf5+ gxf5 31. Rh4 Rc7
32. f3 Kd5 33. Rh6 Kc5 34. Rf6 e4+ 35. fxe4 fxe4+ 36. Kxe4 Re7+ 37. Kd3 Kb4
38. Rf4+ Kc5 39. Rc4+ Kd5 40. c7 Rd7 41. c8=Q Ke6+ 42. Qxd7+ Kxd7 43. Kd4 a5
44. Kd5 h5 45. Rh4 Ke7 46. Rxh5 Kf6 47. Re5 Kg6 48. h4 Kh6 49. Rg5 Kh7 50.
Ke6 Kh6 51. Kf7 Kh7 52. Rh5# {Black checkmated} 1-0

[Event "ICC tourney 1955 (60 10)"]
[Site "Internet Chess Club"]
[Date "2020.08.09"]
[Round "8"]
[White "JunlinTheWorld"]
[Black "aquilesboy"]
[Result "1-0"]
[ICCResult "Black checkmated"]
[WhiteElo "1735"]
[BlackElo "1910"]
[Opening "Sicilian defense"]
[ECO "B44"]
[NIC "SI.39"]
[Time "15:20:16"]
[TimeControl "3600+10"]

1. e4 c5 2. Nf3 e6 3. d4 cxd4 4. Nxd4 Nc6 5. Bc4 Nf6 6. Nc3 Bb4 7. Bg5 Qa5
8. Bxf6 Bxc3+ 9. Kf1 gxf6 10. Nxc6 bxc6 11. bxc3 Qxc3 12. Bb3 a5 13. a4 Qe5
14. Qe1 Ba6+ 15. Kg1 Ke7 16. g3 Be2 17. h4 Bf3 18. Rh2 Rhg8 19. Rc1 Qxe4 20.
Qc3 Qf5 21. Re1 Rab8 22. Re3 Bd5 23. Qc5+ Ke8 24. Qxa5 Qg4 25. Bxd5 Qd1+ 26.
Kg2 Qxd5+ 27. Qxd5 cxd5 28. Rb3 Rc8 29. Rh1 Rg4 30. Ra3 Rgc4 31. a5 Rxc2 32.
a6 Ra8 33. Rb1 Kd8 34. Rba1 Ra7 35. Rb3 Kc7 36. Rf3 f5 37. g4 Rc6 38. gxf5
e5 39. Re3 Kd6 40. Rae1 e4 41. f3 exf3+ 42. Kxf3 Rcxa6 43. Re7 Ra3+ 44. Kf4
R7a4+ 45. Kg5 Rg3+ 46. Kf6 Rxh4 47. Kxf7 Rf3 48. R7e5 Rhf4 49. Kf6 d4 50.
Ra5 d3 51. Ra6+ Kc7 52. Ra7+ Kc6 53. Rc1+ Kb6 54. Rxd7 Rxf5+ 55. Ke6 Rf6+
56. Ke5 R6f5+ 57. Ke4 R5f4+ 58. Ke5 Rf5+ 59. Ke4 R5f4+ 60. Ke5 Rb4 61. Rd6+
Kb5 62. Rd5+ Ka4 63. Ra1+ Kb3 64. Rb1+ Kc2 65. Rxb4 d2 66. Rbd4 Re3+ 67. Kf4
Re2 68. Kf3 Rh2 69. Kg3 Re2 70. Rd7 Kc1 71. R4d6 Kd1 72. Rxh7 Ke1 73. Rh1#
{Black checkmated}
1-0

[Event "ICC tourney 1955 (60 10)"]
[Site "Internet Chess Club"]
[Date "2020.08.09"]
[Round "8"]
[White "Zwish"]
[Black "Ronaldh"]
[Result "0-1"]
[ICCResult "White resigns"]
[WhiteElo "1948"]
[BlackElo "2173"]
[Opening "Anderssen's opening"]
[ECO "A00"]
[NIC "VO.14"]
[Time "15:20:06"]
[TimeControl "3600+10"]

1. a3 Nf6 2. Nf3 g6 3. c4 Bg7 4. d4 d6 5. Nc3 Nbd7 6. g3 O-O 7. Bg2 e5 8. d5
a5 9. O-O Nc5 10. Rb1 a4 11. Be3 Nfe4 12. Ne1 Nxc3 13. bxc3 b6 14. Nd3 Nxd3
15. exd3 f5 16. f3 h5 17. Rb4 Bd7 18. d4 h4 19. c5 hxg3 20. hxg3 f4 21. c6
fxe3 22. cxd7 exd4 23. Bh3 Qg5 24. Be6+ Kh7 25. Kg2 Be5 26. Bg4 Bf6 27. f4
Qxd5+ 28. Bf3 Qe6 29. Rh1+ Kg7 30. Bxa8 e2 31. Qd3 e1=Q 32. Rxe1 Qxe1 33.
Be4 Rh8 34. Rb1 Qxc3 35. Qxc3 dxc3 36. Rb4 Rd8 37. Bc6 d5 38. Bxa4 d4 39.
Rc4 d3 40. Rxc7 c2 41. Rc8 b5 42. Bxc2 dxc2 43. Rxc2 Rxd7 44. Rc5 Rb7 45.
Rd5 Be7 46. Rd3 Ra7 47. Rd5 Rb7 48. Rd3 Kf6 49. Kf3 Ke6 50. Re3+ Kd5 51.
Re5+ Kc4 52. Re3 Ra7 53. Re4+ Kb3 54. Re5 Rb7 55. g4 Kxa3 56. f5 gxf5 57.
gxf5 b4 58. Ra5+ Kb2 59. Ra6 b3 60. f6 Bxf6 61. Rxf6 Ra7 62. Ke2 Ka2 63. Kd3
b2 64. Rf2 Ka1 65. Rf7 Rxf7 {White resigns} 0-1

[Event "ICC tourney 1955 (60 10)"]
[Site "Internet Chess Club"]
[Date "2020.08.09"]
[Round "8"]
[White "atharvajaeel"]
[Black "Quinlandia"]
[Result "1-0"]
[ICCResult "Black resigns"]
[WhiteElo "298"]
[BlackElo "2022"]
[Opening "QGD Slav: Dutch variation"]
[ECO "D18"]
[NIC "SL.05"]
[Time "15:20:09"]
[TimeControl "3600+10"]

1. d4 d5 2. c4 c6 3. Nc3 Nf6 4. Nf3 dxc4 5. a4 Bf5 6. e3 e6 7. Bxc4 Bb4 8.
O-O Nbd7 9. Qe2 O-O 10. e4 Bg6 11. Bd3 Re8 12. Bf4 a6 13. Rfd1 Qa5 14. Rac1
c5 15. e5 Bxd3 16. Rxd3 Bxc3 17. exf6 Bxd4 18. fxg7 e5 19. Bd2 Qd8 20. Ng5
Nf6 21. Rh3 Qd5 22. Re1 e4 23. Bf4 Qf5 24. Rh4 Re7 25. Nh3 e3 26. fxe3 Rae8
27. Rf1 Nd5 28. Qc4 Nxe3 29. Bxe3 Bxe3+ 30. Kh1 Qxf1+ 31. Qxf1 Bd4 32. Rxd4
cxd4 33. Qd3 Re1+ 34. Ng1 Ra1 35. Qxd4 Ree1 36. a5 Rxg1+ 37. Qxg1 Rxg1+ 38.
Kxg1 Kxg7 39. Kf2 Kf6 40. Ke3 Ke5 41. b3 h6 42. g3 h5 43. h3 Kf5 44. Kf3 Kg5
45. Ke4 f6 46. Ke3 Kf5 47. Kf3 Kg5 48. Ke4 f5+ 49. Ke5 h4 50. gxh4+ Kg6 51.
h5+ Kg5 52. h6 {Black resigns} 1-0

[Event "ICC tourney 1955 (60 10)"]
[Site "Internet Chess Club"]
[Date "2020.08.09"]
[Round "8"]
[White "bishoboo"]
[Black "Gfprasanna"]
[Result "1/2-1/2"]
[ICCResult "Game drawn by mutual agreement"]
[WhiteElo "2000"]
[BlackElo "2112"]
[Opening "QGD Slav defense: exchange variation"]
[ECO "D10"]
[NIC "SL.01"]
[Time "15:20:36"]
[TimeControl "3600+10"]

1. d4 d5 2. c4 c6 3. cxd5 cxd5 4. Nc3 Nf6 5. Bf4 Nc6 6. e3 e6 7. Nf3 Be7 8.
Bd3 O-O 9. Ne5 Bd7 10. O-O g6 11. Bg5 Nh5 12. Bxe7 Qxe7 13. f4 Ng7 14. e4
dxe4 15. Nxe4 f5 16. Nc5 Nxe5 17. fxe5 b6 18. Nb3 Bc6 19. Qd2 Bd5 20. Bc2
Rfd8 21. Rad1 Rac8 22. Rc1 Qh4 23. Rcd1 Nh5 24. Qf2 Qg5 25. Rd2 Rc7 26. Bd1
Ng7 27. Bf3 Bxf3 28. Qxf3 Rd5 29. Qf4 Qxf4 30. Rxf4 Ne8 31. Rf1 Kf7 32. Rfd1
Rc4 33. Kf2 Nc7 34. Rc1 Rxc1 35. Nxc1 Rd7 36. Ne2 Nd5 37. Nc3 Ke7 38. Nxd5+
Rxd5 39. Ke3 Kd7 40. Kd3 Kc6 41. Rc2+ Kb7 42. Kc3 Rd7 43. Kd3 Rd8 44. Rc3
Rd7 45. Rc2 a6 46. a3 Rd8 47. Rc3 Rd7 48. Rc2 {Game drawn by mutual
agreement} 1/2-1/2

[Event "ICC tourney 1955 (60 10)"]
[Site "Internet Chess Club"]
[Date "2020.08.09"]
[Round "8"]
[White "Coolio9000"]
[Black "tigertiger2019"]
[Result "1-0"]
[ICCResult "Black checkmated"]
[WhiteElo "1862"]
[BlackElo "1661"]
[Opening "Sicilian"]
[ECO "B50"]
[NIC "SI.01"]
[Time "15:19:55"]
[TimeControl "3600+10"]

1. e4 c5 2. Nf3 d6 3. c3 Nf6 4. Bd3 Nbd7 5. Bc2 b6 6. O-O Bb7 7. Re1 g6 8.
d4 Rc8 9. e5 Nd5 10. e6 N7f6 11. exf7+ Kxf7 12. Ng5+ Ke8 13. c4 Nc7 14. Ba4+
Nd7 15. d5 b5 16. cxb5 Bxd5 17. Nc3 Nb6 18. Bc2 Bg7 19. Nxd5 Nbxd5 20. Be4
Nb6 21. Bc6+ Kf8 22. Qf3+ Bf6 23. a4 Kg7 24. a5 Nc4 25. Bf4 e5 26. Qb3 exf4
27. Qxc4 Bxg5 28. b6 axb6 29. axb6 Ne8 30. Ra7+ Kh6 31. Qc3 Nc7 32. Rxc7
Rxc7 33. bxc7 Qc8 34. Bb7 Qxc7 35. Qxh8 Qxb7 36. Qf8+ Kh5 37. Qxd6 Qb4 38.
Rd1 Qb3 39. h3 Qxb2 40. Qxc5 Qe2 41. Rd7 h6 42. Rd6 f3 43. Qd4 Qe1+ 44. Kh2
Bf4+ 45. Qxf4 Qh1+ 46. Kxh1 fxg2+ 47. Kxg2 g5 48. Qg4# {Black checkmated}
1-0

[Event "ICC tourney 1955 (60 10)"]
[Site "Internet Chess Club"]
[Date "2020.08.09"]
[Round "8"]
[White "skywise"]
[Black "jHanna"]
[Result "0-1"]
[ICCResult "White resigns"]
[WhiteElo "1721"]
[BlackElo "1894"]
[Opening "QGD Slav: Dutch variation, main line"]
[ECO "D19"]
[NIC "SL.05"]
[Time "15:20:29"]
[TimeControl "3600+10"]

1. d4 d5 2. c4 c6 3. Nf3 Nf6 4. Nc3 dxc4 5. a4 Bf5 6. e3 e6 7. Bxc4 Bb4 8.
O-O O-O 9. Qe2 Bg4 10. h3 Bxf3 11. Qxf3 Nbd7 12. Rd1 Rc8 13. e4 e5 14. Bg5
Qa5 15. Na2 exd4 16. Bxf6 Nxf6 17. Rxd4 Be7 18. Qc3 Qe5 19. Rad1 Rce8 20.
Qc2 Bc5 21. R4d2 Nxe4 22. Re2 Qf4 23. Bd3 Bxf2+ 24. Rxf2 Nxf2 25. Qxf2 Qxa4
26. Nc3 Qb4 27. Qf5 Qh4 28. Ne4 Re6 29. g3 Qh6 30. Ng5 g6 31. Qf4 Re7 32.
Rf1 Qg7 33. Bc4 h6 34. Nf3 Qxb2 35. Qxh6 Qh8 36. Qxg6+ Qg7 37. Qd6 Rfe8 38.
Nd4 Re1 39. Rxe1 Rxe1+ 40. Kf2 Qe5 41. Qg6+ Kh8 42. Qh6+ Kg8 43. Nf3 Qc5+
44. Kxe1 Qxc4 45. Qg5+ Kf8 46. Qd8+ Kg7 47. Qd4+ Qxd4 48. Nxd4 a5 49. Kd2
Kf6 50. Kc3 c5 51. Nb3 b6 52. Kc4 a4 53. Nc1 Ke5 54. h4 f5 55. Kb5 a3 56.
Kxb6 Kd4 57. Kb5 c4 58. Kb4 Ke5 59. Kxc4 f4 60. g4 f3 61. Nd3+ Ke4 62. Nf2+
Kf4 63. h5 a2 64. Nd3+ Kxg4 {White resigns} 0-1

[Event "ICC tourney 1955 (60 10)"]
[Site "Internet Chess Club"]
[Date "2020.08.09"]
[Round "8"]
[White "advaith06"]
[Black "gardemarin13"]
[Result "0-1"]
[ICCResult "White checkmated"]
[WhiteElo "2006"]
[BlackElo "1949"]
[Opening "Bogo-Indian defense, Grünfeld variation"]
[ECO "E11"]
[NIC "QI.01"]
[Time "15:19:50"]
[TimeControl "3600+10"]

1. d4 Nf6 2. c4 e6 3. Nf3 Bb4+ 4. Nbd2 b6 5. a3 Bxd2+ 6. Qxd2 Bb7 7. g3 O-O
8. Bg2 d6 9. O-O Nbd7 10. b4 Be4 11. Bb2 a6 12. Rac1 Qe7 13. c5 Nd5 14. Ne1
Bxg2 15. Nxg2 f5 16. f3 N7f6 17. Qc2 f4 18. gxf4 Nh5 19. e3 b5 20. Qb3 Qf7
21. Kh1 Rac8 22. Rc2 dxc5 23. dxc5 Ne7 24. Rd2 Rfd8 25. Rfd1 Rd5 26. e4 Rxd2
27. Rxd2 Nc6 28. Bc1 Rd8 29. Rxd8+ Nxd8 30. Qd3 Nc6 31. Kg1 Qe7 32. Kf2 Kf7
33. Bb2 Ke8 34. Ke3 Qf7 35. Qd2 Qg6 36. Kf2 Qh6 37. Bc1 Qf6 38. Qb2 Qd8 39.
Qb3 Ke7 40. f5 exf5 41. Bg5+ Nf6 42. Nf4 Qd4+ 43. Kg3 Qg1+ 44. Ng2 Nd4 45.
Qg8 f4+ 46. Kh3 Ne6 47. Bxf6+ Kxf6 48. e5+ Ke7 49. Kg4 Qxg2+ 50. Kh4 Qg5+
51. Kh3 Qxe5 52. Qc8 Qf5+ 53. Kg2 Qg6+ 54. Kf1 Qd3+ 55. Kg1 Qxf3 56. Qb8
Qe3+ 57. Kg2 f3+ 58. Kg3 f2+ 59. Kg4 Qf4+ 60. Kh3 f1=Q# {White checkmated}
0-1